 Dungeon Crawl Stone Soup version 0.19.1 (webtiles) character file.

528 M4edhros the Insei (level 7, -5/61 HPs)
             Began as an Octopode Necromancer on Dec 26, 2016.
             Was an Initiate of Cheibriados.
             Slain by a centaur (6 damage)
             ... on level 7 of the Dungeon.
             The game lasted 00:07:50 (1522 turns).

M4edhros the Insei (Octopode Necromancer)           Turns: 1522, Time: 00:07:51

Health: -5/61      AC: 23    Str:  8    XL:     7   Next: 23%
Magic:  5/10       EV:  2    Int: 19    God:    Cheibriados [......]
Gold:   113        SH:  0    Dex: 15    Spells: 3 memorised, 5 levels left

rFire  . . .     SeeInvis .     h - +2 short sword (venom)
rCold  . . .     Gourm    .     (no shield)
rNeg   + + +     Faith    .     (helmet currently unavailable)
rPois  +         Spirit   .     (no amulet)
rElec  .         Reflect  .     (no ring)
rCorr  .         Harm     .     (no ring)
MR     .....     NoTele   +     (no ring)
Stlth  ++........               (no ring)
                                (no ring)
                                (no ring)
                                (no ring)
                                (no ring)

@: tree-form (expiring), very slightly contaminated, very slow
A: almost no armour, stealthy swim, (amphibious), 8 rings, (constrict 8),
(camouflage 0), (gelatinous body 0)
a: Bend Time, Renounce Religion


You were on level 7 of the Dungeon.
You worshipped Cheibriados.
Cheibriados was noncommittal.
You were hungry.
You were a tree.
You visited 2 branches of the dungeon, and saw 8 of its levels.

You collected 113 gold pieces.

Inventory:

Hand Weapons
 h - a +2 short sword of venom (weapon)
Missiles
 c - a throwing net (quivered)
Scrolls
 e - a scroll of blinking {unknown}
 f - a scroll of recharging {unknown}
 g - a scroll of teleportation {unknown}
 j - 5 scrolls of enchant armour {unknown}
 k - a scroll of fear {unknown}
 l - a scroll of immolation {unknown}
 m - 2 scrolls of identify {unknown}
 p - a scroll of remove curse {unknown}
Books
 a - a book of Necromancy

   Spells                             Type                      Level
   a - Pain                           Necromancy                   1
   b - Animate Skeleton               Necromancy                   1
   c - Vampiric Draining              Necromancy                   3
   d - Regeneration                   Charms/Necromancy            3
   e - Animate Dead                   Necromancy                   4
   f - Control Undead                 Necromancy                   4
Comestibles
 b - 3 bread rations
 d - 4 chunks of flesh
 o - 2 slices of pizza
 q - 2 beef jerkies


   Skills:
 - Level 2.0 Dodging
 - Level 2.6 Stealth
 + Level 7.3 Unarmed Combat
 - Level 2.0 Spellcasting
 - Level 4.0 Necromancy


You had 5 spell levels left.
You knew the following spells:

 Your Spells              Type           Power        Failure   Level  Hunger
a - Pain                  Necr           ###.         3%          1    #......
b - Animate Skeleton      Necr           N/A          3%          1    #......
c - Regeneration          Chrm/Necr      #.........   21%         3    ###....


Dungeon Overview and Level Annotations

Branches:
Dungeon (7/15)             Temple (1/1) D:7

Altars:
Cheibriados
Dithmenos
Elyvilon
Gozag
Hepliaklqana
Makhleb
Nemelex Xobeh
Okawaru
Ru
Sif Muna
Trog
Uskayaw
Xom
Yredelemnul
Zin
The Shining One


Innate Abilities, Weirdness & Mutations

You cannot wear most types of armour.
You are very stealthy in the water. (Stealth+)
((You are amphibious.))
You can wear up to eight rings at the same time.
((You can use your tentacles to constrict eight enemies at once.))
((Your skin changes colour to match your surroundings (Stealth+).))
((Your rubbery body absorbs attacks. (AC +1, EV +1)))


Message History

The bullfrog is heavily wounded.
The bullfrog hits you but does no damage.
The centaur shoots an arrow.
The arrow hits you!
* * * LOW HITPOINT WARNING * * *
The bullfrog hits you but does no damage.
The centaur shoots an arrow.
The arrow hits you.
* * * LOW HITPOINT WARNING * * *
You aren't carrying any potions.
Okay, then.
You hit the bullfrog.
The bullfrog is poisoned.
You punch the bullfrog.
The bullfrog is almost dead.
The bullfrog hits you but does no damage. x2
The centaur unwields an uncursed shortbow.
The centaur barely misses you.
Unknown command.
You hit the centaur but do no damage.
The centaur is poisoned.
The bullfrog hits you.
* * * LOW HITPOINT WARNING * * *
The centaur hits you.
You die...

#... #. .####
#.. ... ...... .
#...... ......
.. ....
......####+##...
######
................
......
..........Z.....
......
.......cF.......
......
........♣.......
......
.#####..†.......
.>....
######+#...
..##+# .. .


You could see a bullfrog, a centaur and a friendly gnoll skeleton.

Vanquished Creatures
  An ice beast (D:7)
  A sky beast (D:7)
  2 orc wizards (D:4)
  3 worker ants (D:7)
  A hound zombie (D:5)
  An adder (D:2)
  7 gnolls
  An ooze (D:4)
  An adder zombie (D:6)
  3 worms (D:2)
  A leopard gecko (D:4)
  8 orcs
  A ball python (D:2)
  5 giant cockroaches
  3 goblins
  5 hobgoblins
  8 jackals
  8 kobolds
  A quokka (D:4)
  3 bats
  6 frilled lizards
70 creatures vanquished.

Vanquished Creatures (collateral kills)
  A wight (D:7)
  A ball python (D:5)
2 creatures vanquished.

Grand Total: 72 creatures vanquished

Notes
Turn   | Place    | Note
-------+----------+-------------------------------------------
     0 | D:1      | M4edhros the Octopode Necromancer began the quest for the Orb.
     0 | D:1      | Reached XP level 1. HP: 11/11 MP: 3/3
    96 | D:2      | Reached skill level 1 in Unarmed Combat
   107 | D:1      | Reached XP level 2. HP: 8/17 MP: 1/5
   161 | D:1      | Reached skill level 2 in Unarmed Combat
   362 | D:2      | Reached XP level 3. HP: 6/21 MP: 6/6
   365 | D:2      | Learned a level 1 spell: Animate Skeleton
   369 | D:2      | Learned a level 3 spell: Regeneration
   486 | D:2      | Reached skill level 3 in Unarmed Combat
   601 | D:2      | Found a white marble altar of Elyvilon.
   764 | D:4      | Reached XP level 4. HP: 20/27 MP: 7/7
   957 | D:4      | Reached skill level 4 in Unarmed Combat
   963 | D:4      | Reached XP level 5. HP: 21/31 MP: 8/8
  1046 | D:5      | Entered Level 5 of the Dungeon
  1079 | D:5      | Found a bloodstained altar of Trog.
  1116 | D:5      | Reached skill level 5 in Unarmed Combat
  1231 | D:5      | Noticed an ice beast
  1335 | D:7      | Reached XP level 6. HP: 25/36 MP: 6/9
  1350 | D:7      | Found a staircase to the Ecumenical Temple.
  1368 | D:7      | Reached skill level 6 in Unarmed Combat
  1369 | D:7      | Noticed an ice beast
  1376 | D:7      | Killed an ice beast
  1392 | Temple   | Entered the Ecumenical Temple
  1421 | Temple   | Became a worshipper of Cheibriados the Contemplative
  1477 | D:7      | Reached XP level 7. HP: 29/41 MP: 10/10
  1513 | D:7      | Reached skill level 7 in Unarmed Combat
  1520 | D:7      | HP: 3/61 [centaur/arrow (5)]
  1522 | D:7      | HP: 1/61 [bullfrog (2)]
  1522 | D:7      | Slain by a centaur

Skill      XL: |  1  2  3  4  5  6  7 |
---------------+----------------------+-----
Unarmed Combat | 1 2 3 4 5 6 7 |  7.3
Dodging        | |  2.0
Stealth        | |  2.6
Spellcasting   | |  2.0
Necromancy     | |  4.0

Action                   |  1- 3 |  4- 6 |  7- 9 || total
-------------------------+-------+-------+-------++-------
Melee: Unarmed           |    16 |       |       ||    16
       Tentacles         |    11 |    17 |       ||    28
       Constrict         |    14 |    25 |       ||    39
       Short sword       |    37 |    82 |    19 ||   138
       Punch             |       |     2 |     1 ||     3
 Cast: Pain              |    21 |       |       ||    21
       Regeneration      |     3 |     5 |     1 ||     9
       Animate Skeleton  |       |     6 |       ||     6
  Use: Potion            |     1 |     3 |     1 ||     5
       Scroll            |       |     2 |       ||     2
 Stab: Sleeping          |     9 |     6 |     1 ||    16
  Eat: Chunk             |     1 |     3 |       ||     4
Armor: Skin              |     4 |     4 |    35 ||    43
Dodge: Dodged            |    30 |    64 |     3 ||    97
